 Dungeon Crawl Stone Soup version 0.17-a0-1853-ge1bd2c8 (webtiles) character file.

84858 Horrz the Grappler (level 15, -7/157 HPs)
             Began as a Troll Monk on Sept 20, 2015.
             Was the Champion of Qazlal.
             Mangled by a deep elf blademaster
             ... wielding a cursed -2 rapier
              (17 damage)
             ... on level 2 of the Elven Halls.
             The game lasted 02:20:13 (22259 turns).

Horrz the Grappler (Troll Monk)                    Turns: 22259, Time: 02:20:13

Health: -7/157     AC: 18    Str: 23    XL:     15   Next: 36%
Magic:  18/18      EV: 18    Int:  6    God:    Qazlal [******]
Gold:   2672       SH:  8    Dex: 17    Spells: 0 memorised, 14 levels left

rFire  + . .     SeeInvis .       - Unarmed
rCold  . . .     Clarity  .     M - +5 steam dragon armour
rNeg   + . .     SustAt   .     (no shield)
rPois  .         Gourm    +     (helmet restricted)
rElec  .         Spirit   .     (no cloak)
rCorr  .         Warding  +     (gloves unavailable)
rMut   .         Stasis   .     (boots unavailable)
MR     ++...                    r - amulet of warding
Stlth  +.........               Y - ring of protection from fire
                                y - ring of protection from magic

@: lethally poisoned (-7 -> -8), protected from physical damage, very slightly
contaminated, repel missiles, very resistant to hostile enchantments, very
unstealthy
A: unfitting armour, claws 3, fast metabolism 3, gourmand, mutation resistance
1, regeneration 2, shaggy fur 1, tough skin 2
a: Upheaval, Elemental Force, Disaster Area, Renounce Religion


You were on level 2 of the Elven Halls.
You worshipped Qazlal.
Qazlal was exalted by your worship.
You were full.

You visited 5 branches of the dungeon, and saw 25 of its levels.
You also visited: Sewer and Ice Cave.

You collected 3304 gold pieces.
You spent 632 gold pieces at shops.

Inventory:

Armour
 M - a +5 steam dragon armour (worn)
Rods
 a - a +1 rod of destruction (9/9)
   (You found it on level 3 of the Lair of Beasts)
Jewellery
 f - a +3 ring of intelligence
 r - an amulet of warding (around neck)
 t - an uncursed amulet of guardian spirit
 y - a ring of protection from magic (left claw)
 C - an uncursed amulet of stasis
 S - an uncursed ring of see invisible
 W - an uncursed ring of protection from cold
 Y - a ring of protection from fire (right claw)
 Z - a +4 ring of evasion
Magical devices
 n - a wand of flame (45)
 p - a wand of lightning (1)
 u - a wand of paralysis (12)
 B - a wand of fire (9)
 F - a wand of disintegration (12)
 H - a wand of confusion (30)
 I - a wand of random effects (23)
 J - a wand of cold (6)
 N - a wand of lightning (3)
 T - a wand of frost (35)
 U - a wand of magic darts (32)
Scrolls
 e - 13 scrolls of remove curse
 h - a scroll of noise {unknown}
 k - 3 scrolls of fog
 m - 3 scrolls of fear
 v - 7 scrolls of teleportation
 w - 9 scrolls of identify
 x - a scroll of immolation
 A - 4 scrolls of blinking
 D - 4 scrolls of random uselessness {unknown}
 G - 3 scrolls of magic mapping {unknown}
 L - a scroll of torment {unknown}
 O - a scroll of summoning {unknown}
 V - a scroll of holy word {unknown}
Potions
 i - 5 potions of invisibility
 j - 3 potions of resistance {unknown}
 l - 3 potions of mutation {unknown}
 o - 2 potions of magic {unknown}
 q - 2 potions of might
 s - 4 potions of flight
 z - 6 potions of curing
 E - a potion of cancellation
 K - 5 potions of agility
 P - 2 potions of heal wounds
 Q - a potion of degeneration {unknown}
 R - 3 potions of haste
 X - a potion of berserk rage {unknown}
Comestibles
 b - 12 bread rations
 c - 14 fruits
 d - 3 slices of pizza
 g - 13 meat rations


   Skills:
 + Level 12.2 Fighting
 + Level 10.2 Armour
 + Level 11.8 Dodging
 - Level 1.1 Stealth
 + Level 14.4 Unarmed Combat
 - Level 6.0 Invocations


You had 14 spell levels left.
You didn't know any spells.

Dungeon Overview and Level Annotations

Branches:
Dungeon (10/15)            Temple (1/1) D:4            Lair (8/8) D:8
 Shoals (0/4) Lair:3        Snake (0/4) Lair:4        Slime (0/6) Lair:6
    Orc (4/4) D:10            Elf (2/3) Orc:4

Altars:
Ashenzari
Cheibriados
Dithmenos
Elyvilon
Fedhas
Gozag
Kikubaaqudgha
Makhleb
Nemelex Xobeh
Okawaru
Qazlal
Ru
Sif Muna
Trog
Vehumet
Xom
Yredelemnul
Zin
The Shining One
Beogh
Jiyva

Shops:
D:7 [   D:9 !   Orc:4 :[=}   Elf:1 :   Elf:2 !

Annotations:
D:8 4 runed doors
Lair:6 1 runed door


Innate Abilities, Weirdness & Mutations

You are too large for most types of armour.
You have claws for hands.
Your metabolism is lightning-fast.
You like to eat raw meat.
You heal very quickly.
You are covered in fur (AC +1).
You have very tough skin (AC +2).
You are somewhat resistant to further mutation.


Message History

You feel sick.
You feel sick.
You feel sick.
You feel sick.
You feel sick.
You feel sick.
You hear a shout!
You feel sick.
Press: ? - help, v - describe, . - travel
Here: a deep elf blademaster, wielding two rapiers and wearing a leather armour The floor.
Read which item? (? for menu, Esc to quit)
Blink to where?
Press: ? - help, Dir - move target cursor You can't see that place. [the floor.]
Okay, then.
You feel sick.
The deep elf blademaster hits you with a rapier!
You die...

#.##.## ##.###.###.##
#.###.## ##.##
#>####.## #.# ##.##
##.## ##...(..# #.#
##.## ##.## ##.#.#.#'
#.# ##.####.##
#......#. # #.#
##'(#)########..#.#.#.
# #.#
##...§'(.(.).)......'.
#.#
#....§########...####.
#.# ##...@.# ##### #.
#####.# ##'.##e## ##
....#.# ##.####..#
.#..#.# ##)## ##.##
....#.# ##.##
####(.#####
.#..#.###.##
##...#.#...##
.[..#.##.##
##..§.§#...).##
....§.#'##
#....)§.......#
#####...#
#...)(.....)..#


You could see a deep elf blademaster and a halberd of venom.

Vanquished Creatures
  Nessos (Lair:8)
  A deep elf death mage (Elf:2)
  8 hydras
  2 ice dragons (IceCv)
  4 catoblepae
  4 dancing weapons (Elf:2)
  10 death yaks
  The ghost of Enno the Protected, an experienced HuBe of Trog (D:8)
  3 orc high priests (Orc:4)
  Urug (Lair:2)
  9 deep elf knights
  2 ice statues (IceCv)
  5 orc knights
  9 deep elf summoners
  5 orc sorcerers
  A lindwurm (Lair:7)
  7 deep elf conjurers
  2 griffons
  An octopode (shapeshifter) (Elf:2)
  3 elephants (Lair:8)
  The ghost of Fv001 the Digger, an experienced GrEE (D:5)
  Maurice (Orc:3)
  5 black mambas
  11 spiny frogs
  2 molten gargoyles (Lair:5)
  A troll (D:9)
  5 fire drakes
  7 deep elf priests
  5 komodo dragons
  A two-headed ogre (D:9)
  3 merfolk
  3 blink frogs (Lair:2)
  Prince Ribbit (D:9)
  A slime creature (D:9)
  Sigmund (D:3)
  49 yaks
  13 deep elf magi
  A basilisk (Lair:1)
  2 hungry ghosts
  20 deep elf fighters
  4 hippogriffs
  4 nagas (Lair:4)
  15 wolves
  2 steam dragons
  18 water moccasins
  Duvessa (D:4)
  7 porcupines
  2 wasps
  3 ogres
  26 ice beasts
  12 orc warriors
  A black bear (shapeshifter) (Elf:2)
  14 crocodiles
  2 big kobolds
  A centaur (D:5)
  3 phantoms
  12 giant frogs
  Dowan (D:4)
  A gnoll sergeant (Orc:4)
  5 wights
  4 scorpions
  8 killer bees
  2 electric eels
  6 lava snakes
  9 jellies
  A crimson imp (D:5)
  2 giant frog skeletons
  14 orc priests
  30 orc wizards
  3 hounds
  A gnoll shaman (D:8)
  A hell rat (Lair:8)
  10 iguanas
  8 worker ants
  A killer bee zombie (D:7)
  25 sheep
  A hound skeleton (D:5)
  A worker ant zombie (D:8)
  11 adders
  20 gnolls
  51 river rats
  A shadow imp (D:5)
  12 oozes
  3 adder skeletons
  A worm (D:2)
  10 giant geckos
  114 orcs
  16 bats
  9 goblins
  9 hobgoblins
  10 jackals
  4 quokkas
  2 ball pythons
  5 giant cockroaches
  A giant gecko zombie (D:9)
  6 giant newts
  19 kobolds
  9 rats
  A bush (Lair:1)
  3 crawling corpses (Elf:2)
  68 fungi
  27 plants
885 creatures vanquished.

Vanquished Creatures (others)
  2 deep elf knights (Elf:2)
  A deep elf mage (Elf:2)
  A river rat (Lair:2)
  18 fungi
  7 plants
29 creatures vanquished.

Grand Total: 914 creatures vanquished

Notes
Turn   | Place    | Note
--------------------------------------------------------------
     0 | D:1      | Horrz the Troll Monk began the quest for the Orb.
     0 | D:1      | Reached XP level 1. HP: 22/22 MP: 0/0
   254 | D:1      | Reached XP level 2. HP: 18/29 MP: 1/1
   580 | D:1      | Reached XP level 3. HP: 37/37 MP: 2/2
   826 | D:2      | Found a stormy altar of Qazlal.
   827 | D:2      | Found a deep blue altar of Sif Muna.
   831 | D:2      | Became a worshipper of Qazlal Stormbringer
   831 | D:2      | Acquired Qazlal's first power
   831 | D:2      | Acquired Qazlal's second power
   904 | D:2      | Found a burning altar of Makhleb.
  1063 | D:2      | Found a glowing silver altar of Zin.
  1100 | D:2      | Found a radiant altar of Vehumet.
  1103 | D:2      | Found a basalt altar of Yredelemnul.
  1103 | D:2      | Found a white marble altar of Elyvilon.
  1103 | D:2      | Found an ancient bone altar of Kikubaaqudgha.
  1106 | D:2      | Found a sparkling altar of Nemelex Xobeh.
  1107 | D:2      | Found a snail-covered altar of Cheibriados.
  1502 | D:3      | Reached XP level 4. HP: 41/45 MP: 3/3
  1540 | D:3      | Found an iron altar of Okawaru.
  1551 | D:3      | Reached skill level 5 in Unarmed Combat
  1553 | D:3      | Reached XP level 5. HP: 40/53 MP: 4/4
  1611 | D:3      | Noticed Sigmund
  1631 | D:3      | Acquired Qazlal's third power
  1644 | D:3      | Killed Sigmund
  1644 | D:3      | Reached XP level 6. HP: 22/62 MP: 5/5
  2213 | D:4      | Reached XP level 7. HP: 41/71 MP: 6/6
  2216 | D:4      | Reached skill level 6 in Unarmed Combat
  2342 | D:4      | Noticed Duvessa
  2343 | D:4      | Noticed Dowan
  2352 | D:4      | Killed Duvessa
  2363 | D:4      | Killed Dowan
  2404 | D:3      | Reached skill level 5 in Fighting
  2714 | D:4      | Found a staircase to the Ecumenical Temple.
  2874 | Temple   | Entered the Ecumenical Temple
  3132 | D:5      | Entered Level 5 of the Dungeon
  3222 | D:5      | Reached XP level 8. HP: 62/80 MP: 7/7
  3408 | D:5      | Found a radiant altar of Vehumet.
  3412 | D:5      | Noticed Fv001's ghost (experienced GrEE)
  3417 | D:5      | Reached skill level 5 in Dodging
  3430 | D:5      | Killed Fv001's ghost
  3430 | D:5      | Reached skill level 7 in Unarmed Combat
  3912 | D:6      | Found a glowing drain.
  3924 | Sewer    | Entered a sewer
  3953 | Sewer    | Acquired Qazlal's fourth power
  4349 | D:6      | Found a sacrificial altar of Ru.
  5008 | D:6      | Reached XP level 9. HP: 55/91 MP: 8/8
  5014 | D:6      | Reached skill level 8 in Unarmed Combat
  5068 | D:7      | Reached skill level 1 in Invocations
  5312 | D:7      | Found a snail-covered altar of Cheibriados.
  5488 | D:7      | You fall through a shaft!
  5511 | D:8      | Noticed Enno's ghost (experienced HuBe)
  5888 | D:8      | Found a huge runed gate.
  5889 | D:8      | Found a huge runed gate.
  5889 | D:8      | Found a huge runed gate.
  5889 | D:8      | Noticed a griffon
  5898 | D:8      | Found a huge runed gate.
  5898 | D:8      | Noticed a death yak
  6056 | D:7      | Found Egadoin's Armour Shoppe.
  6064 | D:7      | Bought a +2 steam dragon armour for 572 gold pieces
  6424 | D:8      | Reached skill level 9 in Unarmed Combat
  6436 | D:8      | Killed Enno's ghost
  6436 | D:8      | Reached skill level 1 in Armour
  6436 | D:8      | Reached XP level 10. HP: 30/102 MP: 6/11
  6646 | D:8      | Found a staircase to the Lair.
  6921 | Lair:1   | Entered Level 1 of the Lair of Beasts
  7404 | Lair:1   | Acquired Qazlal's fifth power
  7514 | Lair:1   | Found a blossoming altar of Fedhas.
  8106 | Lair:2   | Reached skill level 10 in Unarmed Combat
  8106 | Lair:2   | Reached XP level 11. HP: 59/111 MP: 7/13
  8269 | Lair:2   | Noticed Urug
  8276 | Lair:2   | Killed Urug
  9162 | Lair:2   | Noticed a six-headed hydra
  9184 | Lair:2   | Killed a six-headed hydra
  9224 | Lair:3   | Noticed an eight-headed hydra
  9354 | D:9      | Noticed Prince Ribbit
  9361 | D:9      | Killed Prince Ribbit
  9377 | D:9      | Found a sparkling altar of Nemelex Xobeh.
  9498 | D:9      | Found Reumil's Distillery.
  9506 | D:9      | Bought a potion of heal wounds for 60 gold pieces
  9557 | D:9      | Reached skill level 5 in Armour
  9578 | D:9      | Reached skill level 11 in Unarmed Combat
  9818 | D:9      | Reached XP level 12. HP: 123/123 MP: 14/14
 10152 | D:10     | Entered Level 10 of the Dungeon
 10571 | D:10     | Found a staircase to the Orcish Mines.
 10583 | D:10     | Found a roughly hewn altar of Beogh.
 11186 | Orc:1    | Entered Level 1 of the Orcish Mines
 11600 | Orc:3    | Noticed Maurice
 11615 | Orc:3    | Killed Maurice
 11728 | Orc:4    | Entered Level 4 of the Orcish Mines
 12424 | Orc:4    | Found a staircase to the Elven Halls.
 12853 | Orc:4    | Paralysed by an orc sorcerer for 5 turns
 12861 | Orc:4    | Reached skill level 10 in Fighting
 12904 | Orc:4    | Reached skill level 12 in Unarmed Combat
 12958 | Orc:4    | Found Wuwipu's Gadget Shop.
 12972 | Orc:4    | Found Jashriho's Armour Shoppe.
 12974 | Orc:4    | Found Giablap's Book Shop.
 12974 | Orc:4    | Found Basucied's Jewellery Shoppe.
 13410 | Lair:3   | Killed a nine-headed hydra
 13480 | Lair:3   | Reached XP level 13. HP: 85/133 MP: 8/15
 13502 | Lair:3   | Reached skill level 10 in Dodging
 13837 | Lair:3   | Got a vibrating tin ring
 13838 | Lair:3   | Identified the ring of the Enemy {Ice *Corrode MP-9 Dex+5} (You found it on level 3 of the Lair of Beasts)
 13888 | Lair:3   | Identified a +1 rod of destruction (9/9) (You found it on level 3 of the Lair of Beasts)
 14123 | Lair:3   | Found a staircase to the Shoals.
 14228 | Lair:4   | Found a labyrinth entrance.
 14421 | Lair:4   | Found a staircase to the Snake Pit.
 16202 | Lair:6   | Found a runed door.
 16202 | Lair:6   | Found a viscous altar of Jiyva.
 16202 | Lair:6   | Noticed an acid blob
 16534 | Lair:6   | Reached skill level 5 in Invocations
 16705 | Lair:6   | Noticed an acid blob
 16706 | Lair:6   | Found a staircase to the Slime Pits.
 17173 | Lair:7   | Reached skill level 13 in Unarmed Combat
 17431 | Lair:7   | Found a frozen archway.
 17466 | IceCv    | Entered an ice cave
 17757 | IceCv    | Reached XP level 14. HP: 108/144 MP: 12/17
 18398 | Lair:8   | Entered Level 8 of the Lair of Beasts
 18538 | Lair:8   | Noticed Nessos
 18548 | Lair:8   | Killed Nessos
 18572 | Lair:8   | HP: 3/146 [death yak (20)]
 19467 | Lair:8   | Gained mutation: You are somewhat resistant to further mutation. [potion of beneficial mutation]
 19987 | Lair:6   | Noticed an azure jelly
 20375 | Elf:1    | Entered Level 1 of the Elven Halls
 20723 | Elf:1    | Found an ancient bone altar of Kikubaaqudgha.
 20957 | Elf:1    | Reached skill level 14 in Unarmed Combat
 20991 | Elf:1    | Reached XP level 15. HP: 140/156 MP: 18/18
 21124 | Elf:1    | Found Oczuffit's Book Shoppe.
 21889 | Elf:2    | Reached skill level 10 in Armour
 21942 | Elf:2    | Found Neuma's Distillery.
 22112 | Elf:2    | Found a runed gate.
 22115 | Elf:2    | Found a runed gate.
 22115 | Elf:2    | Found a runed gate.
 22237 | Elf:2    | Noticed a deep elf blademaster
 22259 | Elf:2    | Mangled by a deep elf blademaster

Vault maps used:
D:1:      dpeg_arrival_circle_labyrinth_a
D:2:      grunt_temple_overflow_open, gammafunk_temple_overflow_statue,
          old_standard_altar, first_bread, bloody_makhleb
D:3:      okawaru_metal_pillars_1_2, uniq_sigmund
D:4:      minmay_temple_entry_trees, uniq_duvessa
D:5:      vehumet_altar_wand_db
D:6:      nicolae_ru_the_path_less_chosen, gup_sewer_entry_pipe
D:7:      serial_shops, shop_statue, cheibriados_altar_1
D:8:      lemuel_bear_cage, lair_0_dummy
D:9:      lemuel_slime, serial_shops, nicolae_shop_crystal, hangedman_fish_farm,
          nemelex_diamond_rough_becter, uniq_prince_ribbit1
D:10:     minmay_orc_entry_temple_small
Temple:   temple_eino_lava_8
Lair:1:   basic_altar
Lair:2:   st_stairs_7, grunt_megastairs_2, uniq_urug
Lair:3:   elwin_shoals_entry_rooms
Lair:4:   minmay_snake_entry_guardpost_small, lab_entry_generic,
          bh_autumn_forest_stairs
Lair:5:   cheibrodos_magma_flow
Lair:6:   slime_altar_2
Lair:7:   portal_ice_cave_entry_ice_beasts
Lair:8:   evilmike_catoblepas_cave, grunt_forest_stairs_basic, uniq_nessos
Orc:1:    nicolae_alphabet_shops
Orc:3:    nicolae_orc_pool_cavern, uniq_maurice
Orc:4:    st_orc_elflike, mines2_lemuel
Elf:1:    elf_arrival_002, serial_shops, shop, minivault_28, lemuel_statue_altar
Elf:2:    serial_shops, shop, serial_glass, glass_columns_a, glass_columns_a
Sewer:    sewer_fruit_machine
IceCv:    ice_cave_small_dragons

Action                   |  1- 3 |  4- 6 |  7- 9 | 10-12 | 13-15 || total
-------------------------+-------+-------+-------+-------+-------++-------
Melee: Unarmed           |   122 |    89 |   350 |   742 |   937 ||  2240
Invok: Upheaval          |       |       |     2 |     5 |    22 ||    29
Evoke: Wand              |       |       |       |     5 |     4 ||     9
  Use: Scroll            |     2 |     1 |     3 |     2 |    12 ||    20
       Potion            |       |       |     2 |     6 |     5 ||    13
  Eat: Chunk             |    16 |    10 |    31 |    64 |    72 ||   193
       Royal jelly       |       |       |     1 |       |     1 ||     2
       Fruit             |       |       |     1 |       |       ||     1
       Beef jerky        |       |       |       |     1 |     3 ||     4
       Meat ration       |       |       |       |     1 |       ||     1
